 Dungeon Crawl Stone Soup version 0.31-a0-237-g2d982f9f85 (webtiles) character file.

Game seed: 4280828735039099637

480 juan097 the Shield-Bearer (level 7, -1/55 HPs)
             Began as a Formicid Fighter on July 11, 2023.
             Was a Follower of Okawaru.
             Slain by Pikel
             ... wielding a +0 whip of flaming
              (3 damage)
             ... on level 4 of the Dungeon.
             The game lasted 00:08:40 (4149 turns).

juan097 the Shield-Bearer (Formicid Fighter)        Turns: 4149, Time: 00:08:40

Health: -1/55      AC: 12    Str: 23    XL:     7   Next: 34%
Magic:  7/7        EV:  9    Int:  7    God:    Okawaru [*.....]
Gold:   246        SH:  6    Dex: 19    Spells: 6/6 levels left

rFire   . . .        a - +0 flail
rCold   + . .        c - +0 buckler
rNeg    + . .        r - +0 pearl dragon scales
rPois   .            (helmet unavailable)
rElec   .            i - +0 cloak
rCorr   .            (no gloves)
SInv    +            (no boots)
Will    .....        (no amulet)
Stlth   +            e - +6 ring of dexterity
HPRegen 0.29/turn    k - ring of protection from cold
MPRegen 0.10/turn

%: no passive effects
@: no status effects
A: permanent stasis, dig shafts and tunnels, antennae 3, four strong arms
a: Dig, Shaft Self, Renounce Religion, Heroism


You were on level 4 of the Dungeon.
You worshipped Okawaru.
Okawaru was aware of your devotion.
You visited 2 branches of the dungeon, and saw 6 of its levels.

You collected 246 gold pieces.

Inventory:

Hand Weapons
 a - a +0 flail (weapon)
 b - a +0 sling
Armour
 c - a +0 buckler (worn)
 i - a +0 cloak (worn)
 r - +0 pearl dragon scales (worn)
Jewellery
 e - a +6 ring of dexterity (left hand)
 k - a ring of protection from cold (right hand)
Wands
 t - a wand of paralysis (7)
 v - a wand of roots (5)
Scrolls
 f - a scroll of enchant armour {unknown}
 j - a scroll of fog {unknown}
 m - 2 scrolls of teleportation {unknown}
 n - a scroll of amnesia {unknown}
 p - 2 scrolls of identify {unknown}
 u - a scroll of noise {unknown}
 w - a scroll of vulnerability {unknown}
Potions
 d - 3 potions of might
 g - 4 potions of heal wounds {unknown}
 h - 2 potions of brilliance {unknown}
 l - a potion of attraction {unknown}
 o - a potion of resistance {unknown}
 q - a potion of berserk rage
 s - a potion of enlightenment {unknown}


   Skills:
 + Level 4.8 Fighting
 * Level 4.8 Maces & Flails
 - Level 3.2 Armour
 + Level 3.9 Stealth
 + Level 5.8 Shields
 + Level 0.0 Invocations


You had 6 spell levels left.
You didn't know any spells.
Your spell library contained the following spells:

 Spells                   Type           Power      Damage    Failure   Level
 Necrotise                Necr           0%         1d4       86%         1
 Shock                    Conj/Air       0%         1d3       86%         1
 Cigotuvi's Dreadful Rot  Necr/Pois/Air  0%         N/A       95%         2
 Ignite Poison            Fire/Tmut/Pois 0%         N/A       99%         3
 Portal Projectile        Hex/Tloc       0%         N/A       99%         3
 Vampiric Draining        Necr           0%         2d6       99%         3
 Volatile Blastmotes      Fire/Tloc      0%         2d10      99%         3
 Airstrike                Air            0%         2d(0-16)  100%        4
 Fulminant Prism          Conj/Hex       0%         3d5       100%        4
 Iskenderun's Mystic Bla  Conj/Tloc      0%         2d3       100%        4
 Leda's Liquefaction      Hex/Erth       0%         N/A       100%        4
 Agony                    Necr           0%         N/A       100%        5
 Freezing Cloud           Conj/Ice/Air   0%         6-21      100%        5
 Lee's Rapid Deconstruct  Erth           0%         3d4*      100%        5
 Call Canine Familiar     Summ           Unusable   N/A       N/A         3
 Swiftness                Air            Unusable   N/A       N/A         3

Dungeon Overview and Level Annotations

Branches:
Dungeon (5/15)             Temple (1/1) D:5

Altars:
Ashenzari
Cheibriados
Dithmenos
Elyvilon
Fedhas
Gozag
Hepliaklqana
Kikubaaqudgha
Makhleb
Nemelex Xobeh
Okawaru
Qazlal
Ru
Trog
Uskayaw
Xom
Yredelemnul
Zin

Annotations:
D:4 3 runed translucent doors, Newt's ghost, amateur KoHu; Pikel


Innate Abilities, Weirdness & Mutations

You cannot be hasted, slowed, berserked, paralysed or teleported.
You can dig through walls and to a lower floor.
You have a pair of large antennae on your head. (SInv)
Your four strong arms can wield two-handed weapons with a shield.


Message History

* * * LOW HITPOINT WARNING * * *
You closely miss Pikel.
Pikel is almost dead.
Pikel hits you but does no damage.
You hit Pikel.
Pikel is almost dead.
Pikel hits you but does no damage. x2
You closely miss Pikel.
Pikel is almost dead.
Pikel hits you but does no damage.
You closely miss Pikel.
Pikel is almost dead.
Pikel hits you with a +0 whip of flaming.
* * * LOW HITPOINT WARNING * * *
Pikel burns you.
* * * LOW HITPOINT WARNING * * *
You hit Pikel but do no damage.
Pikel is almost dead.
You block Pikel's attack.
You barely miss Pikel.
Pikel is almost dead.
You block Pikel's attack.
Okay, then.
You hit Pikel.
Pikel is almost dead.
You block Pikel's attack.
You barely miss Pikel.
Pikel is almost dead.
Pikel barely misses you.
Pikel hits you with a +0 whip of flaming.
* * * LOW HITPOINT WARNING * * *
Pikel burns you.
* * * LOW HITPOINT WARNING * * *
You hit Pikel but do no damage.
Pikel is almost dead.
Pikel barely misses you.
You closely miss Pikel.
Pikel is almost dead.
Pikel hits you with a +0 whip of flaming.
You die...

#.# #........# #.####........# .
#...##........# ..
###.###..>....# ... #.# #<......#
o... #.# #.......# { ..... #.#
#########
......#######.###########
.....55K@)...............
.....5#######.###########
#####################............
.................................
#################################
.# #....................... .#
#.######################
.#########.# ...........#


You could see Pikel and 3 lemures.

Vanquished Creatures
  Grinder (D:4)
  A lemure (D:4)
  A wight (D:2)
  2 iguanas (D:4)
  Natasha (twice) (D:4)
  3 adders
  A worm (D:2)
  8 dart slugs
  6 orcs
  4 endoplasms
  5 giant cockroaches
  6 goblins
  12 hobgoblins
  8 jackals
  7 kobolds
  A quokka (D:1)
  13 ball pythons
  2 bats (D:2)
  4 frilled lizards
  8 rats
95 creatures vanquished.

Notes
Turn   | Place    | Note
-------+----------+-------------------------------------------
     0 | D:1      | juan097 the Formicid Fighter began the quest for the Orb.
     0 | D:1      | Reached XP level 1. HP: 18/18 MP: 1/1
   169 | D:1      | Reached XP level 2. HP: 24/24 MP: 2/2
   375 | D:1      | Reached skill level 1 in Stealth
   484 | D:1      | Reached XP level 3. HP: 29/29 MP: 3/3
  1209 | D:2      | Reached XP level 4. HP: 37/37 MP: 4/4
  2011 | D:3      | Found a faded altar of an unknown god.
  2231 | D:3      | Noticed a wight
  2348 | D:3      | Reached XP level 5. HP: 41/42 MP: 5/5
  2480 | D:2      | Reached skill level 5 in Shields
  2698 | D:3      | You fall into a shaft and drop 2 floors!
  2698 | D:5      | Entered Level 5 of the Dungeon
  2698 | D:5      | Found a staircase to the Ecumenical Temple.
  2705 | Temple   | Entered the Ecumenical Temple
  2947 | Temple   | Became a worshipper of Warmaster Okawaru
  3147 | D:4      | Reached XP level 6. HP: 38/46 MP: 6/6
  3190 | D:4      | Found a runed translucent gate.
  3194 | D:4      | Found a runed translucent gate.
  3195 | D:4      | Found a runed translucent gate.
  3195 | D:4      | Noticed Newt's ghost (amateur KoHu)
  3196 | D:4      | Noticed a wyvern
  3311 | D:4      | Noticed Natasha
  3319 | D:4      | Killed Natasha
  3343 | D:4      | Noticed Natasha
  3347 | D:4      | Killed Natasha
  3608 | D:4      | Noticed Grinder
  3633 | D:4      | Killed Grinder
  3633 | D:4      | Reached * piety under Okawaru
  3634 | D:4      | Reached XP level 7. HP: 42/55 MP: 7/7
  4116 | D:4      | Noticed Pikel
  4147 | D:4      | HP: 2/55 [Pikel/+0 whip of flaming (1)]
  4149 | D:4      | Slain by Pikel

Illustrated notes

Levels and vault maps discovered:
D:1:      dpeg_arrival_simpleton_b, layout_basic
D:2:      layout_loops_cross, grunt_ministairs_8
D:3:      kennysheep_slugbush, layout_basic, nicolae_ecumenical_snake_handling
D:4:      layout_basic, tso_oasis_becter, marbit_many_paths,
          gammafunk_ghost_split, uniq_grinder, uniq_pikel, uniq_natasha
D:5:      layout_basic, minmay_temple_entry_crystal_x
Temple:   nicolae_temple_bog_church

Skill      XL: |  1  2  3  4  5  6 |
---------------+-------------------+-----
Stealth        | 1 2 3 |  3.9
Maces & Flails | 3 4 |  4.8
Fighting       | 4 |  4.8
Shields        | 5 |  5.8
Armour         | |  3.2

Action                     |  1- 3 |  4- 6 |  7- 9 || total
---------------------------+-------+-------+-------++-------
  Melee: Flail             |    78 |   166 |    55 ||   299
   Fire: Sling             |     6 |       |       ||     6
Ability: Shaft Self        |       |     1 |       ||     1
 Armour: Scale mail        |    34 |     9 |       ||    43
         Pearl dragon scal |       |    55 |    21 ||    76
  Dodge: Dodged            |    32 |    69 |    12 ||   113
  Block: Buckler           |    33 |    41 |    14 ||    88

Table legend: (Time is in decaauts)
 A = Elapsed time spent in this place.
 B = Non-inter-level travel time spent in this place.
 C = Inter-level travel time spent in this place.
 D = Time resting spent in this place.
 E = Time spent auto-exploring this place.
 F = Levels seen in this place.
 G = Mean time per level.
                   A        B        C        D        E       F      G
               +--------+--------+--------+--------+--------+-----+--------+
         Total |   4254 |   3900 |    354 |      0 |   2886 |   6 |  709.0 |
       Dungeon |   3987 |   3648 |    339 |      0 |   2650 |   5 |  797.4 |
        Temple |    267 |    252 |     15 |      0 |    235 |   1 |  267.0 |
               +--------+--------+--------+--------+--------+-----+--------+

Top non-repeatable levels by time:
     D:1: 1097 daAuts
     D:4: 1060 daAuts
     D:3: 909 daAuts
     D:2: 875 daAuts
  Temple: 267 daAuts
     D:5: 44 daAuts
